 Dungeon Crawl Stone Soup version 0.30-b1-2-g02819fbbbe (webtiles) character file.

Game seed: 2910626753010045242

1536044 amentoraz the Slayer (level 27, 262/262 HPs)
             Began as an Armataur Fighter on Jan 6, 2024.
             Was the Champion of Okawaru.
             Escaped with the Orb
             ... and 3 runes on Jan 7, 2024!
             The game lasted 08:01:52 (90922 turns).

amentoraz the Slayer (Armataur Fighter)            Turns: 90922, Time: 08:01:52

Health: 262/262    AC: 52    Str: 43 (44) XL:     27
Magic:  26/26      EV: 10    Int:  9 (12) God:    Okawaru [******]
Gold:   3381       SH: 34    Dex:  6      Spells: 26/26 levels left

rFire   + . .        U - +9 eveningstar (vamp)
rCold   x . .        c - +8 tower shield {AC+3}
rNeg    + + +        R - +8 plate armour {ponderous}
rPois   +            Y - +2 helmet of the Orb {Harm rPois Int+4 Dex-4}
rElec   .            d - scarf "Yggoegg" {repulsion, Regen+ Dex+3}
rCorr   +            Z - +2 pair of gloves {Str+3}
SInv    +            P - +4 barding "Vesasch" {rN+ rCorr Str-2 SInv}
Will    ++...        l - amulet of reflection Stlth
                     C - ring of Lyggepos {rF+ Str+6}
HPRegen 1.43/turn    N - ring "Nups" {Fly rN+++ EV+5 Int-4 Stlth-}
MPRegen 0.20/turn

%: random rage (3%), harm (+30% outgoing, +20% incoming), repel missiles,
reflection, roll
@: flying, slow
A: large, rugged brown scales 3, deformed body, armoured tail, roll, long
tongue, awkward tongue, iridescent scales 1, berserk 1, clever 1, clumsy 1,
deterioration 1, frail 1, low MP 1, poison resistance, screaming 1, strong 1,
cold vulnerability 1, inability to drink after injury 1, inability to read after
injury 1
0: Orb of Zot
}: 3/15 runes: serpentine, barnacled, silver
a: Renounce Religion, Heroism, Finesse, Duel


You escaped.
You worshipped Okawaru.
Okawaru was exalted by your worship.
You visited 10 branches of the dungeon, and saw 48 of its levels.
You visited the Abyss 1 time.
You also visited: Ice Cave.

You collected 7136 gold pieces.
You spent 3755 gold pieces at shops.

Inventory:

Hand Weapons
 B - the +10 mace "Bausel" {spect, Str+3 Int+5 Stlth+}
   (You took it off an ironbound preserver on level 5 of the Vaults)

   Str:       It affects your strength (+3).
   Int:       It affects your intelligence (+5).
   Stlth:     It makes you more stealthy.
 T - the +3 morningstar "Odualy" {flame, rF- rCorr Str+2 Dex+4}
   (Okawaru gifted it to you on level 11 of the Dungeon)

   Str:       It affects your strength (+2).
   Dex:       It affects your dexterity (+4).
   rF:        It makes you vulnerable to fire.
   rCorr:     It protects you from acid and corrosion.
 U - a +9 vampiric eveningstar (weapon)
Armour
 c - a +8 tower shield of protection (worn)
 d - the scarf "Yggoegg" (worn) {repulsion, Regen+ Dex+3}
   (You found it on level 5 of the Vaults)

   Dex:       It affects your dexterity (+3).
   Regen:     It increases your rate of health regeneration.
 w - a +2 crystal plate armour
 x - the +8 barding "Yrhearey" {Harm Will+ Str+2}
   (Okawaru gifted it to you on level 4 of the Vaults)

   Str:       It affects your strength (+2).
   Harm:      It increases damage dealt and taken.
   Will:      It increases your willpower.
 P - the +4 barding "Vesasch" (worn) {rN+ rCorr Str-2 SInv}
   (Okawaru gifted it to you on level 1 of the Lair of Beasts)

   Str:       It affects your strength (-2).
   rN:        It protects you from negative energy.
   SInv:      It lets you see invisible.
   rCorr:     It protects you from acid and corrosion.
 R - a +8 plate armour of ponderousness (worn)
 X - the +3 crown of Dyrovepreva {rElec Int+2 SInv}
   (You found it on level 5 of the Vaults)

   Int:       It affects your intelligence (+2).
   rElec:     It insulates you from electricity.
   SInv:      It lets you see invisible.
 Y - the +2 helmet of the Orb (worn) {Harm rPois Int+4 Dex-4}
   (You found it on level 12 of the Dungeon)

   Int:       It affects your intelligence (+4).
   Dex:       It affects your dexterity (-4).
   rPois:     It protects you from poison.
   Harm:      It increases damage dealt and taken.
 Z - a +2 pair of gloves of strength (worn)
Jewellery
 f - an amulet of guardian spirit
 l - an amulet of reflection (around neck)
 t - a ring of willpower
 C - the ring of Lyggepos (left hand) {rF+ Str+6}
   (You took it off an ironbound convoker on level 1 of the Vaults)

   [ring of strength]

   Str:       It affects your strength (+6).
   rF:        It protects you from fire.
 M - a ring of protection from cold
 N - the ring "Nups" (right hand) {Fly rN+++ EV+5 Int-4 Stlth-}
   (You acquired it on level 1 of the Vaults)

   [ring of evasion]

   EV:        It affects your evasion (+5).
   Int:       It affects your intelligence (-4).
   rN:        It renders you almost immune to negative energy.
   Fly:       It grants you flight.
   Stlth:     It makes you less stealthy.
Wands
 g - a wand of flame (59)
 p - a wand of acid (23)
 A - a wand of iceblast (40)
 D - a wand of digging (43)
 G - a wand of polymorph (27)
 J - a wand of mindburst (24)
Scrolls
 e - 5 scrolls of noise
 i - 2 scrolls of enchant armour
 m - 5 scrolls of blinking
 o - 4 scrolls of teleportation
 q - 7 scrolls of poison
 r - 15 scrolls of fog
 s - 11 scrolls of amnesia
 u - 8 scrolls of immolation
 v - 8 scrolls of enchant weapon
 y - 4 scrolls of magic mapping
 I - 7 scrolls of fear
 K - 4 scrolls of silence
 O - 3 scrolls of brand weapon
 S - 9 scrolls of vulnerability
Potions
 a - 4 potions of ambrosia
 b - 2 potions of brilliance
 h - 13 potions of lignification
 j - 3 potions of invisibility
 k - 20 potions of curing
 n - 8 potions of haste
 z - 8 potions of flight
 E - 7 potions of attraction
 F - 3 potions of cancellation
 H - 3 potions of might
 V - 4 potions of berserk rage


   Skills:
 + Level 26.9 Fighting
 * Level 12.1(15.2) Axes
 - Level 16.4(19.7) Maces & Flails
 * Level 13.3(16.7) Staves
 + Level 0.5 Throwing
 + Level 24.0 Armour
 - Level 0.2 Dodging
 - Level 24.1 Shields
 - Level 8.9 Invocations
 - Level 1.0 Evocations


You had 26 spell levels left.
You didn't know any spells.
Your spell library contained the following spells:

 Spells                   Type           Power      Damage    Failure   Level
 Apportation              Tloc           0%         N/A       71%         1
 Freeze                   Ice            0%         1d3       71%         1
 Magic Dart               Conj           0%         1d3       71%         1
 Sandblast                Erth           0%         2d4       71%         1
 Shock                    Conj/Air       0%         1d3       71%         1
 Slow                     Hex            0%         N/A       71%         1
 Blink                    Tloc           0%         N/A       85%         2
 Ensorcelled Hibernation  Hex/Ice        0%         N/A       85%         2
 Lesser Beckoning         Tloc           0%         N/A       85%         2
 Momentum Strike          Conj/Tloc      0%         3d8       85%         2
 Passwall                 Tmut/Erth      0%         N/A       85%         2
 Searing Ray              Conj           0%         2d4       85%         2
 Static Discharge         Conj/Air       0%         2-2/arc   85%         2
 Sublimation of Blood     Necr           0%         N/A       85%         2
 Wereblood                Tmut           0%         N/A       85%         2
 Confusing Touch          Hex            0%         N/A       97%         3
 Dazzling Flash           Conj/Hex       0%         N/A       97%         3
 Frozen Ramparts          Ice            0%         1d1       97%         3
 Gell's Gravitas          Tloc           0%         N/A       97%         3
 Hailstorm                Conj/Ice       0%         3d3       97%         3
 Inner Flame              Hex/Fire       0%         N/A       97%         3
 Ozocubu's Armour         Ice            0%         N/A       97%         3
 Portal Projectile        Hex/Tloc       0%         N/A       97%         3
 Spider Form              Tmut/Pois      0%         N/A       97%         3
 Stone Arrow              Conj/Erth      0%         3d7       97%         3
 Swiftness                Air            0%         N/A       97%         3
 Teleport Other           Tloc           0%         N/A       97%         3
 Vampiric Draining        Necr           0%         2d6       97%         3
 Vhi's Electric Charge    Tloc/Air       0%         N/A       97%         3
 Volatile Blastmotes      Fire/Tloc      0%         2d10      97%         3
 Airstrike                Air            0%         2d(0-16)  100%        4
 Anguish                  Hex/Necr       0%         N/A       100%        4
 Cause Fear               Hex            0%         N/A       100%        4
 Fulminant Prism          Conj/Hex       0%         3d5       100%        4
 Ice Form                 Ice/Tmut       0%         N/A       100%        4
 Iskenderun's Mystic Bla  Conj/Tloc      0%         2d3       100%        4
 Leda's Liquefaction      Hex/Erth       0%         N/A       100%        4
 Manifold Assault         Tloc           0%         N/A       100%        4
 Passage of Golubria      Tloc           0%         N/A       100%        4
 Petrify                  Tmut/Erth      0%         N/A       100%        4
 Alistair's Intoxication  Tmut/Pois      0%         N/A       100%        5
 Arcjolt                  Conj/Air       0%         1d10      100%        5
 Blade Hands              Tmut           0%         N/A       100%        5
 Borgnjor's Vile Clutch   Necr/Erth      0%         N/A       100%        5
 Irradiate                Conj/Tmut      0%         3d11      100%        5
 Iskenderun's Battlesphe  Conj           0%         2d6       100%        5
 Metabolic Englaciation   Hex/Ice        0%         N/A       100%        5
 Yara's Violent Unravell  Hex/Tmut       0%         3d3       100%        5
 Eringya's Noxious Bog    Tmut/Pois      0%         N/A       100%        6
 Iron Shot                Conj/Erth      0%         9d1       100%        6
 Starburst                Conj/Fire      0%         6d3       100%        6
 Statue Form              Tmut/Erth      0%         N/A       100%        6
 Dragon Form              Tmut           0%         N/A       100%        7
 Enfeeble                 Hex            0%         N/A       100%        7
 Ozocubu's Refrigeration  Ice            0%         4d7       100%        7
 Storm Form               Tmut/Air       0%         N/A       100%        7
 Lehudib's Crystal Spear  Conj/Erth      0%         10d2      100%        8
 Maxwell's Capacitive Co  Air            0%         ∞         100%        8
 Necromutation            Tmut/Necr      0%         N/A       100%        8
 Polar Vortex             Ice            0%         N/A       100%        9
 Call Canine Familiar     Summ           Unusable   N/A       N/A         3
 Tukima's Dance           Hex            Unusable   N/A       N/A         3
 Animate Armour           Summ/Erth      Unusable   N/A       N/A         4
 Summon Lightning Spire   Summ/Air       Unusable   N/A       N/A         4
 Simulacrum               Ice/Necr       Unusable   N/A       N/A         6
 Spellforged Servitor     Conj/Summ      Unusable   N/A       N/A         7
 Summon Hydra             Summ           Unusable   N/A       N/A         7

Dungeon Overview and Level Annotations

Branches:
Dungeon (15/15)            Temple (1/1) D:5            Lair (5/5) D:9
 Shoals (4/4) Lair:2        Snake (4/4) Lair:3        Slime (0/5) Lair:4
    Orc (2/2) D:9             Elf (3/3) Orc:2        Vaults (5/5) D:14
  Crypt (0/3) Vaults:3     Depths (4/4) D:15            Zot (5/5) Depths:4
  IceCv (visited)

Altars:
Ashenzari
Cheibriados
Dithmenos
Elyvilon
Fedhas
Gozag
Hepliaklqana
Kikubaaqudgha
Makhleb
Nemelex Xobeh
Okawaru
Qazlal
Ru
Sif Muna
Trog
Uskayaw
Vehumet
Wu Jian
Xom
Yredelemnul
Zin
The Shining One
Jiyva

Shops:
D:1 =   D:10 ?   D:11 *   D:14 [   Orc:2 *(*:   Elf:1 *   Elf:3 **
Snake:1 *!??*=   Snake:2 ==:=   Vaults:1 ?   Vaults:4 [   Vaults:5 *
Depths:1 ?   Depths:2 :[**

Portals:
Hell: Depths:1 Depths:2 Depths:3 Depths:4
Abyss: Depths:3
Pandemonium: Depths:2
Ziggurat: Depths:1
Trove: D:10 (give 8 scrolls of fear)

Annotations:
D:7 exclusion: oklob plant
D:15 2 transporters
Lair:3 exclusion: oklob plant
Snake:1 3 runed translucent doors, Othrew's ghost, adept AtFi
Elf:1 1 runed translucent door
Elf:2 Roxanne
Elf:3 Mara
Zot:4 3 runed translucent doors, Beclu's ghost, legendary GnSk; Begrat's ghost, legendary TrBe; Muataran's ghost, veteran MiMo


Innate Abilities, Weirdness & Mutations

You are completely covered in rugged brown scales. (AC +3, +7% HP)
Armour fits poorly on your strangely shaped body.
You have a long armoured tail.
You roll when moving toward enemies. (Rampage)
Your long tongue fully drains potion bottles. (2x potion effects)
Your tongue gives you trouble enunciating. (1.5x scroll delay)
You are partially covered in iridescent scales. (AC +2)
You sometimes lose your temper in combat.
Your mind is acute. (Int +4, Str/Dex -1)
You are clumsy. (Dex -2)
Your body sometimes deteriorates upon taking damage.
You are frail. (-10% HP)
Your magical capacity is low. (-10% MP)
Your system is resistant to poisons. (rPois)
You occasionally shout uncontrollably at your foes.
Your muscles are strong. (Str +4, Int/Dex -1)
You are vulnerable to cold. (rC-)
You occasionally lose the ability to drink potions when taking damage.
You occasionally lose the ability to read scrolls when taking damage.


Message History

Okawaru accepts your kill.
There is a stone staircase leading up here.
You fly upwards.
There is a stone staircase leading down here.
A blizzard demon comes into view.
The blizzard demon waves its arms in wide circles.
The air twists around and strikes you!!
You roll towards the blizzard demon!
The blizzard demon gestures at you. The bolt of lightning hits you!!!
You roll towards the blizzard demon!
You bludgeon the blizzard demon!!
Your tail-slap misses the blizzard demon.
The blizzard demon is heavily wounded.
The blizzard demon gestures at you.
The freezing blast engulfs you but does no damage.
You sock the blizzard demon!
The blizzard demon is severely wounded.
You are engulfed in freezing vapours.
The blizzard demon is engulfed in freezing vapours.
You block the blizzard demon's attack. x2
You puncture the blizzard demon!
You kill the blizzard demon!
Okawaru accepts your kill.
You are engulfed in freezing vapours.
You are engulfed in freezing vapours.
Things that are here:
3 stones; a +0 club
There is a stone staircase leading down here.
Aiming: Dig
Press: ? - help, Shift-Dir - straight line A rock wall.
This square is covered in magical glow.
The rock shatters into small pieces.
There is a stone staircase leading up, spattered with blood here.
You fly upwards.
There is a stone staircase leading down here.
You reach down and open the door.
There is an open door here.
There is a staircase leading out of the dungeon here.
You have escaped!

####.#.#.#.............#..#
#P...8P'....).#####....#..#
._P######....##≈~≈##...#..#
..### #.#...##≈≈P~≈##..#..#
###.###.#..##~≈~.~~~##.#..####
.##........#≈~P.8.P~≈#.......###
'##......#.#≈~.....~≈#.........#
.##..(...##8~.......~8.#.....#.#
##.......'.'.P8.@.8P.'.#.....#.#
.#.......##8~.......~8.#.....#.#
.#.#########≈~.....~≈#.#.....#.#
##.###### #≈~P.8.P≈≈#.##.##.#.#
....#...# ###≈~~.~~≈##.##.##.#.#
....'...###.##≈~P~≈##..##.##.#.#
....#....##..##~~~##...#..##.#.#
....####......#####......###.#.#
....# ###....#####.....####.#.#


There were no monsters in sight!

Vanquished Creatures
  2 dread liches
  2 ancient liches
  4 orbs of fire
  7 Killer Klowns (Zot:5)
  Saint Roka (Elf:3)
  Xtahua (Vaults:5)
  A curse toe (Zot:4)
  7 golden dragons
  A pandemonium lord (Zot:1)
  Rupert (Orc:1)
  3 electric golems
  4 liches
  An Ice Fiend (Depths:3)
  Asterion (Depths:3)
  27 Orb Guardians
  19 tentacled monstrosities
  A walking divine tome (Depths:2)
  A Hell Sentinel (Zot:1)
  Mlioglotl (Snake:3)
  2 titans
  7 quicksilver dragons
  2 tentacled starspawn
  A walking frostbound tome (Depths:4)
  3 sphinxes
  Polyphemus (Shoals:4)
  4 death cobs
  Kirke (D:12)
  9 shadow dragons
  9 tengu reavers
  Donald (Shoals:2)
  19 storm dragons
  8 nagarajas
  6 frost giants
  5 draconian knights
  Aizul (Shoals:2)
  A fire giant (shapeshifter) (Vaults:5)
  8 draconian monks
  A deep elf sorcerer (Orc:2)
  20 vault wardens
  6 draconian scorchers
  3 ghost moths
  5 draconian shifters
  6 fire giants
  A draconian stormcaller (Zot:2)
  23 ironbound preservers
  A spriggan defender (Depths:1)
  6 draconian annihilators
  45 very ugly things
  2 grey draconians (Depths:4)
  9 ironbound thunderhulks
  2 orc warlords
  11 stone giants
  19 green draconians
  A deep elf annihilator (Orc:2)
  5 black draconians
  2 war gargoyles (Vaults:5)
  3 deep elf demonologists
  10 white draconians
  2 vampire knights
  A bunyip (shapeshifter) (Vaults:5)
  13 red draconians
  8 dire elephants
  8 yellow draconians
  11 spark wasps
  2 eidola (Vaults:4)
  7 purple draconians
  3 blizzard demons
  A deep elf death mage (Elf:1)
  3 crystal guardians (Vaults:4)
  4 deep elf high priests (Vaults:5)
  5 merfolk impalers
  3 entropy weavers
  12 ettins
  6 merfolk javelineers (Shoals:4)
  20 yaktaur captains
  7 great orbs of eyes
  4 fire dragons
  4 peacekeepers
  3 catoblepae
  3 ice dragons
  10 ironbound frosthearts
  35 vault guards
  5 salamander tyrants
  7 hydras
  4 spriggan air magi
  19 two-headed ogres
  2 merfolk avatars
  A hell beast (D:10)
  Erica (D:11)
  10 centaur warriors
  5 ogre magi
  An alligator snapping turtle (Shoals:1)
  4 merfolk aquamancers
  A satyr (Shoals:3)
  5 boulder beetles
  An alligator (shapeshifter) (Vaults:4)
  31 dancing weapons
  17 death yaks
  7 anacondas
  13 deep troll earth magi
  12 hell hogs
  10 deep troll shamans
  10 vampire magi
  6 tengu warriors
  20 naga warriors
  14 deep elf knights
  7 spriggan berserkers
  14 naga sharpshooters
  8 shock serpents
  2 shock serpents (shapeshifter)
  A thrashing horror (Abyss:2)
  2 sun demons
  A soul eater (Vaults:3)
  9 hell knights
  Sonja (Lair:5)
  3 skeletal warriors
  A shadow wraith (Shoals:3)
  4 salamander mystics
  10 iron trolls
  5 skysharks
  A golden dragon zombie (D:15)
  8 sea snakes
  4 spectral anacondas (Snake:1)
  60 deep trolls
  A bog body (IceCv)
  A flayed ghost (Vaults:5)
  A tengu zombie (Depths:1)
  2 anaconda zombies (Snake:1)
  4 glowing orange brains
  An orb spider (Abyss:2)
  3 swamp dragons (Depths:4)
  An obsidian statue (IceCv)
  4 lindwurms
  4 naga ritualists
  6 phantasmal warriors
  An orange crystal statue (IceCv)
  A spriggan simulacrum (IceCv)
  2 anaconda skeletons (Snake:1)
  23 ironbound convokers
  9 deep elf archers
  6 orc knights
  2 harpies (shapeshifter)
  3 starcursed masses (Abyss:2)
  10 wizards
  27 deep elf pyromancers
  21 deep elf zephyrmancers
  11 mana vipers
  6 harpies
  3 tengu skeletons
  37 salamanders
  23 necromancers
  12 fauns
  An orc sorcerer (D:9)
  8 cyclopes
  11 manticores
  57 ugly things
  A moth of wrath (shapeshifter) (Vaults:4)
  A sphinx skeleton (Vaults:3)
  A frost giant skeleton (D:15)
  25 moths of wrath
  11 elephants
  Joseph (D:7)
  7 guardian serpents (Snake:4)
  2 human skeletons
  14 vault sentinels
  Maurice (D:13)
  A molten gargoyle (Depths:2)
  14 water nymphs
  7 merfolk sirens
  A stone giant skeleton (D:15)
  13 naga magi
  A rust devil (Zot:1)
  A smoke demon (Depths:3)
  38 black mambas
  An orange demon (Zot:1)
  A torpor snail (Lair:2)
  A gargoyle (D:11)
  2 unseen horrors (shapeshifter)
  8 cane toads
  Maggie (D:7)
  2 rime drakes
  4 ice devils
  39 yaktaurs
  2 yaktaur zombies
  10 komodo dragons
  2 unseen horrors
  3 kobold demonologists
  5 anaconda simulacra
  An efreet (Abyss:2)
  9 freezing wraiths
  A red devil (Abyss:2)
  3 tengu conjurers
  An ancient zyme (Abyss:2)
  8 trolls
  2 golden dragon simulacra
  16 merfolk
  6 polar bears
  A merfolk (shapeshifter) (Depths:2)
  11 wind drakes
  A hellwing (Zot:1)
  Grinder (D:6)
  8 hornets
  4 raiju (Abyss:2)
  10 dream sheep
  A blink frog (shapeshifter) (Vaults:4)
  A slime creature (shapeshifter) (Depths:4)
  2 jumping spiders (shapeshifter)
  7 snapping turtles
  29 slime creatures
  7 spriggans
  4 wyverns
  45 yaks
  Sigmund (D:2)
  14 air elementals
  2 wraiths
  A spriggan (shapeshifter) (Elf:1)
  25 water elementals
  17 humans
  2 vampires
  2 shadows (D:12)
  A basilisk (Lair:1)
  4 fire bats (Depths:2)
  9 fire elementals
  A redback (shapeshifter) (Elf:1)
  2 neqoxecs
  Grum (D:8)
  A yaktaur simulacrum (Vaults:5)
  2 chaos spawn (Abyss:2)
  3 large abominations (Abyss:2)
  5 vampire mosquitoes
  3 steam dragons
  4 minotaur simulacra (IceCv)
  3 wargs
  A hydra simulacrum (IceCv)
  An acid dragon (D:10)
  34 nagas
  A water moccasin (shapeshifter) (Vaults:2)
  14 water moccasins
  A floating eye (shapeshifter) (Abyss:2)
  5 hell hounds (Abyss:2)
  2 floating eyes (Depths:2)
  A meliai simulacrum (D:14)
  A swamp drake (shapeshifter) (Vaults:5)
  4 black bears
  2 ice beasts (D:5)
  2 alligator simulacra (IceCv)
  20 orc warriors
  An ettin simulacrum (Vaults:5)
  6 sky beasts
  32 ogres
  19 wolves
  A wolf (shapeshifter) (Abyss:2)
  2 phantoms (D:6)
  A boggart (D:14)
  14 centaurs
  4 kobold brigands
  4 deep troll simulacra (IceCv)
  A gnoll sergeant (D:9)
  4 scorpions
  11 bullfrogs
  10 earth elementals
  A human simulacrum (Vaults:5)
  8 wights (D:8)
  A small abomination (Abyss:2)
  3 killer bees
  A lindwurm simulacrum (IceCv)
  An electric eel (Lair:2)
  A lava snake (Lair:2)
  A jelly (D:5)
  3 hounds
  8 orc priests
  An iron imp (Abyss:2)
  An iguana (D:6)
  16 orc wizards
  An iguana (shapeshifter) (Vaults:5)
  A gnoll (D:8)
  7 adders
  2 shadow imps
  3 white imps
  3 worms
  4 dart slugs
  79 orcs
  3 ball pythons
  5 endoplasms
  2 giant cockroaches
  6 goblins
  7 hobgoblins
  5 quokkas
  10 bats
  4 frilled lizards
  17 kobolds
  9 rats
  2 starspawn tentacles (Zot:3)
2096 creatures vanquished.

Vanquished Creatures (others)
  A naga sharpshooter (Snake:3)
  2 deep elf pyromancers (Elf:1)
  A vault sentinel (Vaults:5)
  A sky beast (D:9)
  3 gnolls (D:9)
  A kobold (D:11)
  47 fungi
  209 plants
  6 starspawn tentacles
  14 withered plants
285 creatures vanquished.

Grand Total: 2381 creatures vanquished

Notes
Turn   | Place    | Note
-------+----------+-------------------------------------------
     0 | D:1      | amentoraz the Armataur Fighter began the quest for the Orb.
     0 | D:1      | Reached XP level 1. HP: 19/19 MP: 1/1
   189 | D:1      | Found a faded altar of an unknown god.
   228 | D:1      | Reached XP level 2. HP: 23/26 MP: 2/2
   238 | D:1      | Found Icvygaah's Jewellery Boutique.
   802 | D:2      | Reached XP level 3. HP: 25/32 MP: 3/3
   886 | D:2      | Noticed Sigmund
  1413 | D:2      | Reached XP level 4. HP: 39/39 MP: 4/4
  2325 | D:4      | Noticed a sky beast
  2478 | D:4      | Noticed a black bear
  2674 | D:4      | Killed a sky beast
  2675 | D:4      | Reached skill level 5 in Maces & Flails
  2675 | D:4      | Reached XP level 5. HP: 32/44 MP: 5/5
  2776 | D:4      | Found an opulent altar of Gozag.
  2777 | D:4      | Found a shimmering blue altar of Sif Muna.
  3136 | D:4      | Reached XP level 6. HP: 45/53 MP: 6/6
  3381 | D:5      | Entered Level 5 of the Dungeon
  3819 | D:5      | Noticed an ice beast
  3837 | D:5      | Killed an ice beast
  3871 | D:5      | Found a staircase to the Ecumenical Temple.
  3882 | D:5      | Reached XP level 7. HP: 51/59 MP: 7/7
  3892 | Temple   | Entered the Ecumenical Temple
  3892 | Temple   | Found a transporter.
  3892 | Temple   | Found a transporter.
  3894 | Temple   | Found a transporter.
  3894 | Temple   | Found a transporter.
  3930 | Temple   | Became a worshipper of Warmaster Okawaru
  3987 | D:5      | Found a burning altar of Makhleb.
  4723 | D:5      | Reached * piety under Okawaru
  4724 | D:5      | Reached XP level 8. HP: 56/66 MP: 8/8
  5635 | D:2      | Gained mutation: Your muscles are strong. (Str +4, Int/Dex
                  | -1) [potion of mutation]
  5635 | D:2      | Gained mutation: You have hidden genetic potential. [potion
                  | of mutation]
  5635 | D:2      | Gained mutation: Your mind is acute. (Int +4, Str/Dex -1)
                  | [potion of mutation]
  5722 | D:2      | Killed Sigmund
  5829 | D:6      | Noticed Grinder
  6599 | D:6      | Reached skill level 3 in Fighting
  6599 | D:6      | Reached skill level 10 in Maces & Flails
  6619 | D:7      | Noticed Maggie
  6690 | D:6      | Paralysed by Grinder for 3 turns
  6698 | D:6      | Killed Grinder
  6844 | D:6      | Reached ** piety under Okawaru
  7374 | D:6      | Reached XP level 9. HP: 64/74 MP: 9/9
  7488 | D:7      | Found a stormy altar of Qazlal.
  7594 | D:7      | Reached skill level 5 in Armour
  7680 | D:7      | Noticed Joseph
  7690 | D:7      | Killed Joseph
  7702 | D:7      | Gained mutation: You are partially covered in iridescent
                  | scales. (AC +2) [hidden potential]
  7927 | D:7      | Killed Maggie
  8129 | D:7      | Found a blossoming altar of Fedhas.
  8142 | D:7      | Noticed an oklob plant
  8699 | D:8      | Noticed Grum
  8722 | D:7      | Reached skill level 4 in Fighting
  8839 | D:8      | Killed Grum
  8963 | D:8      | Reached skill level 5 in Shields
  9244 | D:8      | Reached *** piety under Okawaru
  9641 | D:8      | Reached XP level 10. HP: 69/84 MP: 10/10
 10161 | D:9      | Found a staircase to the Orcish Mines.
 10313 | D:9      | Gained mutation: Your system is resistant to poisons.
                  | (rPois) [hidden potential]
 10313 | D:9      | Lost mutation: You have hidden genetic potential. [hidden
                  | potential expressed]
 10684 | D:9      | Reached skill level 5 in Fighting
 11022 | D:9      | Found a staircase to the Lair.
 11070 | D:10     | Entered Level 10 of the Dungeon
 11070 | D:10     | Found Ucudd's Magic Scroll Shoppe.
 11206 | D:10     | Bought a scroll of identify for 32 gold pieces
 11206 | D:10     | Bought a scroll of blinking for 120 gold pieces
 11206 | D:10     | Bought a scroll of teleportation for 48 gold pieces
 11206 | D:10     | Bought a scroll of teleportation for 48 gold pieces
 11206 | D:10     | Bought a scroll of magic mapping for 120 gold pieces
 11275 | D:10     | Noticed a two-headed ogre
 11297 | D:10     | HP: 4/86 [poisoned by a hornet]
 11719 | D:9      | Noticed a two-headed ogre
 11853 | D:8      | Reached **** piety under Okawaru
 11880 | D:9      | Reached skill level 1 in Invocations
 13034 | D:9      | Reached ***** piety under Okawaru
 13259 | D:9      | Reached XP level 11. HP: 95/95 MP: 13/13
 13558 | D:10     | Found a portal to a secret trove of treasure.
 13993 | D:9      | Killed a two-headed ogre
 14184 | Lair:1   | Entered Level 1 of the Lair of Beasts
 14389 | Lair:1   | Reached skill level 6 in Fighting
 14486 | Lair:1   | Noticed a skyshark
 14503 | Lair:1   | Killed a skyshark
 14770 | Lair:1   | Identified the +0 scale mail of Summertime {Rampage rF+}
 15351 | D:10     | Killed a two-headed ogre
 15572 | D:11     | Noticed a catoblepas
 15582 | D:11     | Noticed a white ugly thing
 15596 | D:10     | Reached skill level 1 in Evocations
 15796 | D:11     | Noticed Erica
 16155 | Lair:1   | Identified the +0 robe "Gerotoan" {Will+ rCorr}
 16249 | Lair:1   | Identified the +4 barding "Vesasch" {rN+ rCorr Str-2 SInv}
                  | (Okawaru gifted it to you on level 1 of the Lair of Beasts)
 16249 | Lair:1   | Received a gift from Okawaru
 16703 | Lair:2   | Noticed an eight-headed hydra
 16794 | Orc:1    | Entered Level 1 of the Orcish Mines
 16794 | Orc:1    | Noticed an orc knight
 17208 | Lair:1   | Reached skill level 5 in Invocations
 17520 | Lair:2   | Noticed a death yak
 17520 | Lair:2   | Noticed a death yak
 17631 | D:9      | Killed an orc knight
 17688 | Orc:1    | Reached XP level 12. HP: 103/103 MP: 16/16
 18348 | Orc:1    | Noticed an orc warlord
 18377 | Orc:1    | Killed an orc warlord
 18378 | Orc:1    | Reached skill level 7 in Fighting
 18648 | D:11     | Killed Erica
 19681 | D:11     | Identified the +3 morningstar "Odualy" {flame, rF- rCorr
                  | Str+2 Dex+4} (Okawaru gifted it to you on level 11 of the
                  | Dungeon)
 19681 | D:11     | Received a gift from Okawaru
 20435 | Orc:2    | Entered Level 2 of the Orcish Mines
 20439 | Orc:2    | Noticed Rupert
 20901 | Lair:3   | Found a staircase to the Snake Pit.
 21063 | Lair:2   | Reached skill level 10 in Shields
 21238 | Lair:3   | Noticed a seven-headed hydra
 21384 | Lair:2   | Noticed a death yak
 21385 | Lair:2   | Noticed a death yak
 21559 | Lair:2   | Killed an eight-headed hydra
 21674 | Lair:1   | Killed a death yak
 21675 | Lair:1   | Reached skill level 10 in Armour
 21750 | Lair:2   | Identified the +0 chain mail of the Sunfish {Str-3 Int+5}
 21752 | Lair:2   | Found a staircase to the Shoals.
 21815 | Lair:2   | Killed a death yak
 21836 | Lair:2   | Killed a death yak
 21846 | Lair:2   | Killed a death yak
 22390 | Lair:2   | Received a gift from Okawaru
 22745 | Lair:2   | Reached XP level 13. HP: 114/114 MP: 18/18
 23277 | Lair:3   | Reached skill level 8 in Fighting
 24913 | Lair:4   | Received a gift from Okawaru
 25597 | Lair:4   | Found a viscous altar of Jiyva.
 25597 | Lair:4   | Found a staircase to the Slime Pits.
 25769 | Lair:5   | Entered Level 5 of the Lair of Beasts
 25799 | Lair:5   | Noticed Sonja
 25953 | Lair:5   | Killed Sonja
 25953 | Lair:5   | Received a gift from Okawaru
 25953 | Lair:5   | Reached ****** piety under Okawaru
 26079 | Lair:5   | Reached skill level 15 in Maces & Flails
 26698 | Lair:4   | Received a gift from Okawaru
 26973 | Lair:5   | Reached XP level 14. HP: 120/124 MP: 20/20
 27084 | Lair:5   | Reached skill level 9 in Fighting
 28410 | D:10     | Bought a scroll of acquirement for 832 gold pieces
 28410 | D:10     | Bought a scroll of enchant armour for 120 gold pieces
 28412 | D:10     | Acquired a manual of Fighting
 28976 | D:11     | Found Iragaf's Assorted Antiques.
 30134 | D:12     | Reached skill level 10 in Fighting
 30191 | D:12     | Identified the +2 helmet of the Orb {Harm rPois Int+4
                  | Dex-4}
 31114 | D:13     | Noticed Maurice
 31222 | D:13     | Received a gift from Okawaru
 31416 | D:13     | Noticed Kirke
 31435 | D:12     | Killed Kirke
 31436 | D:12     | Reached skill level 11 in Fighting
 32042 | D:13     | Killed Maurice
 32389 | D:14     | You fall into a shaft and drop 1 floor!
 32389 | D:15     | Entered Level 15 of the Dungeon
 32535 | D:14     | Found a broken altar of Ashenzari.
 32614 | D:14     | Found Bytzimn's Antique Armour Shop.
 33226 | D:14     | Reached skill level 12 in Fighting
 33655 | D:14     | Reached XP level 15. HP: 117/140 MP: 21/21
 33708 | D:14     | Found a gate to the Vaults.
 34077 | Orc:1    | Killed Rupert
 34077 | Orc:1    | Received a gift from Okawaru
 34927 | Orc:2    | Reached skill level 13 in Fighting
 35268 | Orc:2    | Identified the +5 pearl dragon scales "Heycw" {rPois rN+
                  | rCorr Str-3 Dex+6} (Okawaru gifted it to you on level 2 of
                  | the Orcish Mines)
 35268 | Orc:2    | Received a gift from Okawaru
 35322 | Orc:2    | Found Uthrovvep's Assorted Antiques.
 35322 | Orc:2    | Found Eranopse's General Store.
 35331 | Orc:2    | Found Luvur's Book Boutique.
 35331 | Orc:2    | Found Lipsol's Weapon Shoppe.
 35359 | Orc:2    | Bought a scroll of identify for 66 gold pieces
 35451 | Orc:2    | Found a staircase to the Elven Halls.
 36389 | Snake:1  | Entered Level 1 of the Snake Pit
 36422 | Snake:1  | Reached skill level 14 in Fighting
 36491 | Snake:1  | Found Bemiubbi's Jewellery Shoppe.
 37189 | Snake:1  | Found Varuheos's General Store.
 37195 | Snake:1  | Found Beobla's Magic Scroll Shoppe.
 37197 | Snake:1  | Found Fostu's Magic Scroll Emporium.
 37203 | Snake:1  | Bought a scroll of summoning for 123 gold pieces
 37203 | Snake:1  | Bought a scroll of fog for 52 gold pieces
 37203 | Snake:1  | Bought a scroll of teleportation for 39 gold pieces
 37203 | Snake:1  | Bought a scroll of immolation for 52 gold pieces
 37203 | Snake:1  | Bought a scroll of fog for 52 gold pieces
 37218 | Snake:1  | Found Noabee's General Store.
 37238 | Snake:1  | Found a runed translucent gate.
 37238 | Snake:1  | Found a runed translucent gate.
 37239 | Snake:1  | Found a runed translucent gate.
 37243 | Snake:1  | Noticed Othrew's ghost (adept AtFi)
 37462 | Snake:1  | Bought a scroll of identify for 30 gold pieces
 37462 | Snake:1  | Bought a scroll of teleportation for 45 gold pieces
 37462 | Snake:1  | Bought a scroll of enchant armour for 112 gold pieces
 37462 | Snake:1  | Bought a scroll of enchant weapon for 112 gold pieces
 37462 | Snake:1  | Bought a scroll of magic mapping for 112 gold pieces
 37566 | Snake:1  | Found Ihoc's Distillery.
 37570 | Snake:1  | Bought a potion of curing for 42 gold pieces
 38004 | Snake:2  | Noticed a nagaraja
 38234 | Snake:2  | Killed a nagaraja
 38235 | Snake:2  | Reached XP level 16. HP: 157/157 MP: 16/22
 38738 | Snake:2  | Reached skill level 15 in Fighting
 38899 | Snake:2  | Received a gift from Okawaru
 39186 | Snake:2  | Got the Discursus on Translocation and Abominable Rituals
 39324 | Snake:2  | Found Xifao's Jewellery Emporium.
 39535 | Snake:2  | Found Nullot's Jewellery Emporium.
 39543 | Snake:2  | Reached skill level 15 in Shields
 39549 | Snake:2  | Found Iliw's Book Boutique.
 39703 | Snake:2  | Found Vuduf's Jewellery Emporium.
 40152 | Snake:3  | Noticed Mlioglotl
 40496 | Snake:4  | Entered Level 4 of the Snake Pit
 40522 | Snake:3  | Identified the staff of cold "Bewnaeshroa" {rPois rC+ Str+3
                  | Stlth+}
 40686 | Snake:3  | Killed Mlioglotl
 40966 | Snake:3  | Identified the +0 barding "Citailu" {rPois Str+3} (Okawaru
                  | gifted it to you on level 3 of the Snake Pit)
 40966 | Snake:3  | Received a gift from Okawaru
 43540 | Snake:4  | Received a gift from Okawaru
 43788 | Snake:4  | Reached skill level 15 in Armour
 44316 | Snake:4  | Reached XP level 17. HP: 138/169 MP: 23/23
 45042 | Snake:4  | Received a gift from Okawaru
 45204 | Snake:4  | Reached skill level 16 in Fighting
 45533 | Snake:4  | Got a serpentine rune of Zot
 46354 | Shoals:1 | Entered Level 1 of the Shoals
 46594 | Shoals:1 | Identified the +2 morningstar of Pezim {heavy, Int+3 Dex+2}
                  | (Okawaru gifted it to you on level 1 of the Shoals)
 46594 | Shoals:1 | Received a gift from Okawaru
 46868 | Shoals:1 | Found a frozen archway.
 46877 | IceCv    | Entered an ice cave
 47686 | IceCv    | Noticed an Ice Fiend
 47686 | IceCv    | Noticed an Ice Fiend
 48528 | Shoals:2 | Noticed Aizul
 48549 | Shoals:2 | Killed Aizul
 48567 | Shoals:2 | Identified the +4 barding "Ysaemim" {rF+} (Okawaru gifted
                  | it to you on level 2 of the Shoals)
 48567 | Shoals:2 | Received a gift from Okawaru
 49064 | Shoals:2 | Noticed Donald
 49097 | Shoals:2 | Killed Donald
 49858 | Shoals:3 | Reached XP level 18. HP: 179/179 MP: 24/24
 49938 | Shoals:4 | Entered Level 4 of the Shoals
 51059 | Shoals:4 | Noticed Polyphemus
 51086 | Shoals:4 | Killed Polyphemus
 51111 | Shoals:4 | Reached skill level 17 in Fighting
 51202 | Shoals:4 | Paralysed by an air elemental for 1 turns
 51206 | Shoals:4 | Paralysed by an air elemental for 1 turns
 51210 | Shoals:4 | Paralysed by an air elemental for 1 turns
 51368 | Shoals:4 | Identified the +3 flail "Lepewuel" {drain, rF- Will+ Dex+4}
 51368 | Shoals:4 | Identified the amulet "Xekulleph" {Spirit Contam Regen+
                  | Str-4 SInv}
 51452 | Shoals:4 | Paralysed by an air elemental for 1 turns
 51460 | Shoals:4 | Paralysed by an air elemental for 1 turns
 51463 | Shoals:4 | Paralysed by an air elemental for 1 turns
 51465 | Shoals:4 | Paralysed by an air elemental for 1 turns
 51468 | Shoals:4 | Paralysed by an air elemental for 1 turns
 51471 | Shoals:4 | Paralysed by an air elemental for 1 turns
 51482 | Shoals:4 | Paralysed by an air elemental for 1 turns
 52855 | Shoals:4 | Identified the +4 flail of Vufuohik {drain, rC+ rCorr}
                  | (Okawaru gifted it to you on level 4 of the Shoals)
 52855 | Shoals:4 | Received a gift from Okawaru
 53013 | Shoals:4 | Got a barnacled rune of Zot
 53121 | Shoals:4 | Paralysed by an air elemental for 1 turns
 53125 | Shoals:4 | Paralysed by an air elemental for 1 turns
 53131 | Shoals:4 | Paralysed by an air elemental for 1 turns
 53135 | Shoals:4 | Paralysed by an air elemental for 1 turns
 53143 | Shoals:4 | Paralysed by an air elemental for 1 turns
 53299 | Shoals:4 | Paralysed by an air elemental for 1 turns
 53304 | Shoals:4 | Paralysed by an air elemental for 1 turns
 53306 | Shoals:4 | Paralysed by an air elemental for 1 turns
 53311 | Shoals:4 | Paralysed by an air elemental for 1 turns
 53315 | Shoals:4 | Paralysed by an air elemental for 1 turns
 53363 | Shoals:4 | Paralysed by an air elemental for 1 turns
 54055 | Shoals:4 | Paralysed by an air elemental for 1 turns
 54057 | Shoals:4 | Paralysed by an air elemental for 1 turns
 54066 | Shoals:4 | Paralysed by an air elemental for 1 turns
 54071 | Shoals:4 | Paralysed by an air elemental for 1 turns
 54824 | Vaults:1 | Entered Level 1 of the Vaults
 54888 | Vaults:1 | Paralysed by a great orb of eyes for 2 turns
 55091 | Vaults:1 | Received a gift from Okawaru
 55769 | Vaults:1 | You fall into a shaft and drop 1 floor!
 56092 | Vaults:1 | Found Naaff's Magic Scroll Shop.
 56100 | Vaults:1 | Bought a scroll of blinking for 97 gold pieces
 56100 | Vaults:1 | Bought a scroll of fear for 52 gold pieces
 56140 | Vaults:1 | Acquired the ring "Nups" {Fly rN+++ EV+5 Int-4 Stlth-}
 56836 | D:14     | Reached XP level 19. HP: 158/191 MP: 25/25
 57065 | D:15     | Found a stormy altar of Qazlal.
 57123 | D:15     | Found a transporter.
 57125 | D:15     | Found a transporter.
 57129 | D:15     | Found a transporter.
 57137 | D:15     | Found a transporter.
 57270 | D:15     | Found a staircase to the Depths.
 57347 | D:15     | Received a gift from Okawaru
 57348 | D:15     | Reached skill level 18 in Fighting
 58010 | Elf:1    | Entered Level 1 of the Elven Halls
 58010 | Elf:1    | Found a runed translucent gate.
 58010 | Elf:1    | Found a runed translucent gate.
 58010 | Elf:1    | Found a runed translucent gate.
 58010 | Elf:1    | Found a runed translucent gate.
 58010 | Elf:1    | Found a runed translucent gate.
 58010 | Elf:1    | Found a runed translucent gate.
 58016 | Elf:1    | Found a runed translucent door.
 58686 | Elf:1    | Paralysed by an air elemental for 1 turns
 58993 | Elf:1    | Found a runed translucent door.
 58993 | Elf:1    | Found Senioll's Assorted Antiques.
 59007 | Elf:1    | Bought a potion of heal wounds for 175 gold pieces
 59007 | Elf:1    | Bought a potion of haste for 350 gold pieces
 59334 | Elf:1    | Paralysed by an air elemental for 1 turns
 59338 | Elf:1    | Paralysed by an air elemental for 1 turns
 59341 | Elf:1    | Paralysed by an air elemental for 1 turns
 59791 | Elf:2    | Paralysed by an air elemental for 1 turns
 59796 | Elf:2    | Paralysed by an air elemental for 1 turns
 59800 | Elf:1    | Paralysed by an air elemental for 1 turns
 59912 | Elf:2    | Noticed Roxanne
 60580 | Elf:1    | Identified the +0 robe of Amorality {rN+ Int+2} (Okawaru
                  | gifted it to you on level 1 of the Elven Halls)
 60580 | Elf:1    | Received a gift from Okawaru
 61016 | Elf:2    | Paralysed by an air elemental for 1 turns
 61156 | Elf:3    | Entered Level 3 of the Elven Halls
 61158 | Elf:3    | Found Tetsur's Gadget Gallery.
 61166 | Elf:3    | Bought a wand of iceblast (5) for 168 gold pieces
 61235 | Elf:2    | Paralysed by an air elemental for 1 turns
 61256 | Elf:2    | Paralysed by an air elemental for 1 turns
 61397 | Elf:2    | Found a runed translucent gate.
 61404 | Elf:2    | Found a runed translucent gate.
 61404 | Elf:2    | Found a runed translucent gate.
 62716 | Elf:2    | Identified the ring of the Supporting Genius {*Slow rElec
                  | rF+ Int+8 Dex+4}
 62842 | Elf:2    | Reached XP level 20. HP: 202/202 MP: 26/26
 62987 | Elf:3    | Found Wythotuth's General Store.
 62992 | Elf:3    | Bought a potion of haste for 120 gold pieces
 62992 | Elf:3    | Bought a potion of haste for 120 gold pieces
 63097 | Elf:3    | Noticed Saint Roka
 64464 | Vaults:2 | Identified the scarf of Ymeasy {harm, rN++ Dex-4 Slay+2}
                  | (Okawaru gifted it to you on level 2 of the Vaults)
 64464 | Vaults:2 | Received a gift from Okawaru
 64686 | Vaults:2 | Reached skill level 19 in Fighting
 65023 | Vaults:2 | Identified the +7 short sword "Ijicya" {speed, rPois}
 65124 | Vaults:2 | Identified the ring of Lyggepos {rF+ Str+6}
 65582 | Vaults:2 | Identified the amulet "Eliskun" {Faith rN+}
 66593 | Vaults:2 | Identified the +10 short sword of Demand {freeze, rN+}
 66701 | Vaults:3 | Reached skill level 1 in Staves
 66702 | Vaults:3 | Reached skill level 1 in Axes
 67527 | Vaults:3 | Reached XP level 21. HP: 214/214 MP: 27/27
 67527 | Vaults:3 | Reached XP level 22. HP: 221/221 MP: 28/28
 67545 | Vaults:3 | Paralysed by a vampire knight for 4 turns
 67598 | Vaults:3 | Found a staircase to the Crypt.
 67793 | Vaults:3 | Received a gift from Okawaru
 67959 | Vaults:3 | Reached skill level 5 in Staves
 68160 | Vaults:3 | Reached skill level 20 in Fighting
 69099 | Vaults:3 | Reached XP level 23. HP: 230/230 MP: 29/29
 70139 | Vaults:4 | Identified the +8 barding "Yrhearey" {Harm Will+ Str+2}
                  | (Okawaru gifted it to you on level 4 of the Vaults)
 70139 | Vaults:4 | Received a gift from Okawaru
 70934 | Vaults:4 | Found the amulet of Vitality {RegenMP++ Regen++}
 71019 | Vaults:3 | Reached skill level 5 in Axes
 71938 | Vaults:4 | Found Ytoz's Armour Boutique.
 72513 | Elf:3    | Bought a scroll of fear for 48 gold pieces
 72635 | Elf:3    | Killed Saint Roka
 72829 | Elf:3    | Noticed Mara
 73159 | Depths:1 | Entered Level 1 of the Depths
 73207 | Depths:1 | Found a one-way gateway to a ziggurat.
 73513 | Depths:1 | Found a gateway to Hell.
 73639 | Depths:1 | Reached skill level 21 in Fighting
 73751 | Depths:1 | Found an ancient bone altar of Kikubaaqudgha.
 74002 | Depths:1 | Found Epa Poup's Magic Scroll Shoppe.
 74005 | Depths:1 | Bought a scroll of blinking for 135 gold pieces
 74005 | Depths:1 | Bought a scroll of blinking for 135 gold pieces
 74005 | Depths:1 | Bought a scroll of teleportation for 54 gold pieces
 74005 | Depths:1 | Bought a scroll of fear for 72 gold pieces
 74005 | Depths:1 | Bought a scroll of fear for 72 gold pieces
 74263 | Depths:2 | Found Ostraivvo's General Store.
 74395 | Depths:2 | Found Utevicum's General Store.
 74465 | Depths:2 | Received a gift from Okawaru
 74617 | Depths:2 | Found a one-way gate leading to the halls of Pandemonium.
 74820 | Depths:2 | Paralysed by a floating eye for 2 turns
 74826 | Depths:2 | Paralysed by a floating eye for 3 turns
 74890 | Depths:2 | Gained mutation: You are frail. (-10% HP) [a shining eye]
 74920 | Depths:2 | Found Xicoj's Antique Armour Boutique.
 74924 | Depths:2 | Found Sessorav's Book Shop.
 75327 | Depths:2 | Found the +6 Majin-Bo {spellvamp, MP+6 Int+6}
 75330 | Depths:2 | Identified the +5 leather armour of Zeiwel {rN++}
 75715 | Depths:2 | Received a gift from Okawaru
 75899 | Depths:3 | Found a hide-covered altar of Uskayaw.
 75903 | Depths:3 | Found an ornate altar of the Wu Jian Council.
 75924 | Depths:3 | Reached XP level 24. HP: 143/224 MP: 29/29
 76060 | Depths:3 | Reached skill level 22 in Fighting
 76079 | Depths:3 | Noticed Asterion
 76090 | Depths:3 | Killed Asterion
 76588 | Depths:2 | Paralysed by a sphinx for 3 turns
 76784 | Depths:2 | Received a gift from Okawaru
 77387 | Depths:3 | Found a one-way gate to the infinite horrors of the Abyss.
 77583 | Depths:4 | Entered Level 4 of the Depths
 77746 | Depths:4 | Received a gift from Okawaru
 78451 | Depths:4 | Found a gate to the Realm of Zot.
 78658 | Depths:4 | Found a radiant altar of Vehumet.
 78800 | Depths:4 | Received a gift from Okawaru
 78800 | Depths:4 | Paralysed by a sphinx for 4 turns
 78808 | Depths:4 | Reached skill level 23 in Fighting
 79515 | Vaults:5 | Entered Level 5 of the Vaults
 79515 | Vaults:5 | Noticed a dread lich
 79836 | Vaults:4 | Killed a dread lich
 80279 | Vaults:4 | Reached XP level 25. HP: 187/235 MP: 27/29
 81233 | Vaults:5 | Noticed an ancient lich
 81353 | Vaults:5 | Identified the +5 acid dragon scales of Demo {rPois rCorr
                  | Stlth+}
 81845 | Vaults:5 | Received a gift from Okawaru
 81846 | Vaults:5 | Reached skill level 10 in Staves
 81854 | Vaults:5 | Noticed Xtahua
 81864 | Vaults:5 | Killed Xtahua
 81939 | Vaults:5 | Reached skill level 24 in Fighting
 82024 | Vaults:5 | Identified the +8 chain mail of Ru's Favour {Rampage rN+
                  | MP+9 Str-5}
 82024 | Vaults:5 | Identified the +10 mace "Bausel" {spect, Str+3 Int+5
                  | Stlth+}
 82037 | Vaults:5 | Identified the +7 chain mail "Usit" {rC+}
 82052 | Vaults:5 | Got the Volume of Algor
 82055 | Vaults:5 | Identified the +8 hand axe of Dexkion {flame, *Corrode
                  | rElec Str+5}
 82098 | Vaults:5 | Killed an ancient lich
 82249 | Vaults:5 | Found Bibbec's General Store.
 82281 | Vaults:5 | Received a gift from Okawaru
 82377 | Vaults:5 | Found the +3 crown of Dyrovepreva {rElec Int+2 SInv}
 82555 | Vaults:5 | Identified the scarf "Yggoegg" {repulsion, Regen+ Dex+3}
 82866 | Vaults:5 | Got a silver rune of Zot
 83061 | Vaults:5 | Identified the +0 chain mail of Negligence {rC+ Will+
                  | Slay+5 SInv}
 83628 | Zot:1    | Entered Level 1 of the Realm of Zot
 85054 | Zot:2    | Identified the +2 trident of the Fray {heavy, rF+ Dex+2}
 85060 | Zot:2    | Received a gift from Okawaru
 85061 | Zot:2    | Reached XP level 26. HP: 217/249 MP: 29/29
 85433 | Zot:1    | Reached skill level 25 in Fighting
 85612 | Zot:2    | Reached skill level 10 in Axes
 86015 | Zot:3    | Acquired 400 gold pieces
 86334 | Abyss:2  | Cast into level 2 of the Abyss (black draconian)
 86345 | Abyss:2  | Found a corrupted altar of Lugonu.
 86710 | Zot:3    | Escaped the Abyss
 87306 | Zot:4    | Reached XP level 27. HP: 245/258 MP: 21/29
 87368 | Zot:4    | Received a gift from Okawaru
 87491 | Zot:4    | Found a runed translucent gate.
 87491 | Zot:4    | Found a runed translucent gate.
 87492 | Zot:4    | Found a runed translucent gate.
 87494 | Zot:4    | Noticed Begrat's ghost (legendary TrBe)
 87494 | Zot:4    | Noticed Muataran's ghost (veteran MiMo)
 87494 | Zot:4    | Noticed Beclu's ghost (legendary GnSk)
 87789 | Zot:5    | Entered Level 5 of the Realm of Zot
 88385 | Zot:5    | Identified the -1 barding of Exclusion {rN+} (Okawaru
                  | gifted it to you on level 5 of the Realm of Zot)
 88385 | Zot:5    | Received a gift from Okawaru
 88403 | Zot:5    | Noticed an ancient lich
 88526 | Zot:5    | Reached skill level 26 in Fighting
 88789 | Zot:5    | Noticed an orb of fire
 88824 | Zot:5    | Killed an orb of fire
 88969 | Zot:5    | Noticed a dread lich
 88987 | Zot:5    | Paralysed by a dread lich for 3 turns
 89001 | Zot:5    | Killed a dread lich
 89003 | Zot:5    | Noticed an orb of fire
 89006 | Zot:5    | Noticed an orb of fire
 89016 | Zot:5    | Noticed an orb of fire
 89170 | Zot:5    | Gained mutation: Your magical capacity is low. (-10% MP)
                  | [an orb of fire]
 89176 | Zot:5    | Gained mutation: You occasionally lose the ability to read
                  | scrolls when taking damage. [an orb of fire]
 89178 | Zot:5    | Killed an orb of fire
 89203 | Zot:5    | Gained mutation: You occasionally lose the ability to drink
                  | potions when taking damage. [an orb of fire]
 89214 | Zot:5    | Gained mutation: Your body sometimes deteriorates upon
                  | taking damage. [an orb of fire]
 89218 | Zot:5    | Gained mutation: You are vulnerable to cold. (rC-) [an orb
                  | of fire]
 89493 | Zot:4    | Killed an orb of fire
 89565 | Zot:4    | Gained mutation: You occasionally shout uncontrollably at
                  | your foes. [an orb of fire]
 89570 | Zot:4    | Gained mutation: You are clumsy. (Dex -2) [an orb of fire]
 89571 | Zot:4    | Gained mutation: You sometimes lose your temper in combat.
                  | [an orb of fire]
 89572 | Zot:4    | Killed an orb of fire
 89668 | Zot:5    | Killed an ancient lich
 89944 | Zot:5    | Got the Orb of Zot
 90092 | Zot:1    | Noticed Zohej the pandemonium lord
 90118 | Zot:1    | Killed Zohej the pandemonium lord
 90395 | Depths:2 | HP: 12/262 [??? (6)]
 90401 | Depths:2 | HP: 13/262 [??? (6)]
 90649 | D:10     | Received a gift from Okawaru
 90922 | D:$      | Escaped with the Orb!

Illustrated notes

Levels and vault maps discovered:
D:1:      lightli_arrival_statuegarden, layout_basic,
          shapermc_ecumenical_altar_ellora, serial_shops, shop,
          chequers_serial_rivers_micro_e
D:2:      layout_basic, minmay_fountain_box, minmay_hedge_maze, uniq_sigmund
D:3:      layout_loops_ring, nicolae_elevator_lobby_plus
D:4:      layout_gridville, mainiacjoe_overflow_large_starburst
D:5:      layout_basic, mainiacjoe_overflow_cross_hatched,
          minmay_temple_entry_grid, chequers_serial_rivers_micro_a, minmay_bent
D:6:      layout_gridville, uniq_grinder
D:7:      layout_cave_pools, mainiacjoe_overflow_chevrons, tgw_fedhas,
          st_stairs_7, uniq_maggie, uniq_joseph
D:8:      layout_loops_ring, uniq_grum
D:9:      layout_irregular_city, grunt_lair_entry_orc_guard_hut,
          hiddenorc2_lemuel, hangedman_misty_isle
D:10:     layout_small_grid, serial_shops, nicolae_stop_n_shop_1,
          nicolae_trove_entry_isolated
D:11:     layout_basic, serial_shops, kennysheep_little_box, st_stairs_14,
          nicolae_titane, uniq_erica
D:12:     layout_stronghold, minmay_misc_feat_columns
D:13:     layout_gridville, uniq_kirke, uniq_maurice
D:14:     layout_stronghold, grunt_vaults_entry_tiered, serial_shops, shop,
          minmay_misc_feat_iff, cheibrodos_ashenzari_chains
D:15:     gammafunk_depths_entry_grave, layout_basic, grunt_qazlal_clouds,
          nicolae_transporter_circle
Temple:   hellmonk_temple_divided_pantheon
Lair:1:   layout_gridlike, beast_lair_carwin_2
Lair:2:   layout_gridlike, minmay_shoals_entry_centaurs, st_stairs_10,
          guppyfry_lair_drakes, grunt_megastairs_3, serial_bayou_shore_b
Lair:3:   minmay_lair_oklob_tunnel, layout_misc_corridors, dummy_snake_entry,
          hangedman_lair_unloving_vines, grunt_megastairs_1
Lair:4:   layout_regular_city, slime_entry_1, hibernation_bobbens,
          infiniplex_staircase_pool
Lair:5:   grunt_lair_end_beastmaster, layout_gridlike, lemuel_fruit_fields,
          uniq_sonja
Shoals:1: layout_shoals, portal_ice_cave_entry_dragon
Shoals:2: layout_shoals, uniq_aizul, uniq_donald
Shoals:3: layout_shoals, nicolae_shoals_hidden_pirate_stash
Shoals:4: shoals_end_hellmonk_storm_palace [storm_palace_center_square,
          storm_palace_corner_reverse_hut, storm_palace_corner_blocked,
          storm_palace_corner_grid, storm_palace_corner_reverse_hut],
          uniq_polyphemus
Snake:1:  layout_chambers, serial_shops, nicolae_shop_back_alley_shop, shop,
          nicolae_take_the_stairs, ebering_ghost_rock_garden,
          nicolae_snake_dead_anacondas, nicolae_triple_integral,
          minmay_shop_star
Snake:2:  layout_gridlike, serial_shops, nicolae_shop_rolling_square,
          nicolae_fountain_basement, minmay_shop_grove
Snake:3:  layout_layer_cave, uniq_mlioglotl
Snake:4:  grunt_snake_rune_pools, layout_cave_town
Orc:1:    layout_caves, mines2_david
Orc:2:    st_orc_ogre_mass, layout_diamond_mine, uniq_rupert
Elf:1:    nicolae_elf_arrival_dilemma, layout_onion_city, serial_shops,
          nicolae_shop_statue_plus, minivault_28
Elf:2:    nicolae_elf_blades_splatter_lattice
          [nicolae_blade_entry_area_security], layout_geoelf_grid,
          nicolae_elf_loose_elemental_storage, uniq_roxanne
Elf:3:    minmay_elf_hall_four_x, layout_rooms, serial_aquarium,
          aquarium_bridge_long_joined [aquarium_subvault_wall,
          aquarium_subvault_window, aquarium_subvault_window,
          aquarium_subvault_balcony, aquarium_subvault_bridge,
          aquarium_subvault_bridge], aquarium_bridge_square
          [aquarium_subvault_bridge, aquarium_subvault_balcony,
          aquarium_subvault_bridge, aquarium_subvault_bridge],
          aquarium_window_1, aquarium_window_corridor_1, aquarium_window_1,
          aquarium_window_fake, aquarium_view_2c, aquarium_pool_corner,
          serial_shops, nicolae_shop_hallway_plus, drop_trap,
          nicolae_shop_gadgets, uniq_saint_roka, uniq_nikola, uniq_mara
Vaults:1: hangedman_vaults_locks, nicolae_vaults_trapezoid_lopsided_3,
          nicolae_vaults_network_s, v_misc_22,
          nicolae_vaults_offset_grid_hallway_2, vaults_mumra_minichess,
          nicolae_vaults_six-pack, nicolae_vaults_house_2,
          nicolae_vaults_little_ls, vaults_dpeg_ring,
          nicolae_vaults_security_offices_3, vaults_dpeg_cross,
          dpeg_vaults_monster_box, vaults_room_grunt_arrival_ludios,
          ontoclasm_vaults_decontamination, layout_vaults_omnicross,
          serial_shops, nicolae_square_shop
Vaults:2: nicolae_vaults_network_quinsquares
          [nicolae_vaults_network_quincunx_subvault,
          nicolae_vaults_network_quincunx_subvault,
          nicolae_vaults_network_quincunx_subvault,
          nicolae_vaults_network_quincunx_subvault], nicolae_vaults_theta,
          nicolae_vaults_storing_the_good_stuff, nicolae_vaults_trapezoid_2,
          v_misc_8, nicolae_vaults_circle_grid_a, nicolae_vaults_trapezoid_1,
          vaults_dpeg_diagonal, nicolae_vaults_heart-shaped_vault,
          nicolae_vaults_swerve, vaults_mumra_hex, nicolae_vaults_house_2,
          nicolae_vaults_surprise_closet, ontoclasm_vaults_chip,
          nicolae_vaults_surprise_closet, layout_vaults_omnibox
Vaults:3: nicolae_vaults_little_squares_1, v_rooms_4, nicolae_vaults_triangles,
          minmay_crypt_entry_simple_statues, vaults_mumra_chevron, v_rooms_3,
          grunt_vaults_funnel, nicolae_vaults_tetromino_Z_2,
          nicolae_vaults_closet_pinwheel_5, v_alt_pattern_6,
          nicolae_vaults_storage_room_water, layout_vaults_maze
Vaults:4: nicolae_vaults_closet_pinwheel_3, v_alt_pattern_6, v_misc_11,
          nicolae_vaults_storage_closets_3, v_misc_5,
          nicolae_vaults_storage_closets_2, nicolae_vaults_stand_back,
          nicolae_vaults_tetromino_T_2, nicolae_vaults_tetromino_T_2,
          ontoclasm_vaults_misaligned, ontoclasm_vaults_gateway,
          layout_vaults_ring, serial_shops, shop
Vaults:5: serial_shops, uniq_xtahua
Depths:1: layout_roguey, enter_ziggurat_e, hangedman_abyss_or_decor_slice,
          pf_hell_entry_great_geh, serial_shops, kennysheep_mini_moat,
          kennysheep_vampire_church
Depths:2: minmay_guarded_unrand_majin_bo, layout_basic,
          serial_sigils_hangedman_writhe, hell_entry, pan_entry, serial_shops,
          shop, nicolae_stop_n_shop_1, shop, nicolae_square_shop,
          small_chamber_with_monster, grunt_megastairs_5, uniq_asterion
Depths:3: minmay_ornate_pinched, layout_cave_pools, nicolae_uskayaw_suspiria,
          marbit_kobold_abyss_entry, hell_entry, nicolae_wu_jian_wuxing_cycle,
          infiniplex_staircase_pool_2
Depths:4: evilmike_zot_entry_gauntlet, layout_basic,
          nicolae_vehumet_altar_sigil, serial_shops, bzr_entry_safe,
          grunt_hell_horde, grunt_megastairs_2
Zot:1:    layout_twisted_circle
Zot:2:    layout_onion_interference, st_small_dragon_hoard_3
Zot:3:    layout_basic
Zot:4:    layout_misc_corridors, gammafunk_ghost_cemetery
Zot:5:    layout_twisted_circle, st_stairs_10

Skill      XL: |  1  2  3  4  5  6  7  8  9 10 11 12 13 14 15 16 17 18 19 20 21 22 23 24 25 26 27 |
---------------+----------------------------------------------------------------------------------+-----
Maces & Flails | 2 3 5 7 8 10 11 12 13 14 15 16 | 16.4
Armour         | 4 7 8 10 11 12 13 15 16 17 18 19 20 21 22 24 | 24.0
Fighting       | 3 4 5 6 7 8 12 14 15 16 17 18 19 20 21 23 24 25 26 | 26.9
Shields        | 5 7 8 10 11 12 14 17 19 21 23 24 | 24.1
Invocations    | 2 5 7 8 |  8.9
Evocations     | 1 |  1.0
Staves         | 4 5 7 9 11 12 13 | 13.3
Axes           | 3 4 6 8 9 10 12 | 12.1
Throwing       | |  0.5
Dodging        | |  0.2

Action                     |  1- 3 |  4- 6 |  7- 9 | 10-12 | 13-15 | 16-18 | 19-21 | 22-24 | 25-27 || total
---------------------------+-------+-------+-------+-------+-------+-------+-------+-------+-------++-------
  Melee: Flail             |   130 |   126 |   335 |   850 |       |       |       |       |       ||  1441
         Tailslap          |    10 |    11 |    50 |   131 |   211 |   287 |   177 |   294 |   311 ||  1482
         Morningstar       |       |       |       |   163 |   426 |   329 |   994 |   380 |       ||  2292
         Eveningstar       |       |       |       |       |   747 |  1359 |       |  1112 |  1485 ||  4703
  Throw: Dart              |       |       |       |       |     3 |       |       |       |       ||     3
 Invoke: Heroism           |       |       |     3 |     6 |     2 |       |       |     2 |     4 ||    17
         Finesse           |       |       |       |     2 |     1 |       |       |     1 |     5 ||     9
  Evoke: Wand              |       |       |       |     7 |     9 |       |       |       |     5 ||    21
    Use: Scroll            |       |     6 |     8 |    12 |    14 |    10 |     6 |    16 |    13 ||    85
         Potion            |       |     4 |     2 |     2 |     5 |    11 |     2 |     1 |     4 ||    31
   Stab: Petrified         |       |       |       |       |       |     1 |       |       |       ||     1
         Confused          |       |       |       |       |       |       |       |       |     2 ||     2
 Armour: Scale mail        |    61 |    47 |   110 |    50 |       |       |       |       |       ||   268
         Steam dragon scal |       |       |       |   119 |       |       |       |       |       ||   119
         Plate armour      |       |       |       |   320 |   603 |   610 |   239 |   497 |   542 ||  2811
         Skin              |       |       |       |     9 |       |       |       |       |       ||     9
         Fire dragon scale |       |       |       |       |    17 |       |       |       |       ||    17
  Dodge: Dodged            |    48 |    19 |    77 |   164 |   100 |   124 |   105 |   226 |   224 ||  1087
         Repelled          |       |       |       |       |     2 |    23 |    11 |    12 |    23 ||    71
  Block: Buckler           |    43 |    38 |   121 |   506 |   249 |       |       |       |       ||   957
         Reflection        |       |     1 |     8 |    28 |    59 |   216 |   128 |    83 |    70 ||   593
         Tower shield      |       |       |       |       |   526 |  1547 |   940 |  1685 |  1844 ||  6542
